 Dungeon Crawl Stone Soup version 0.31.0-9-g3a7656b989 (webtiles) character file.

Game seed: 5329317796057739649

338 qw the Shooter (level 6, -5/51 HPs)
             Began as a Demigod Hunter on Feb 2, 2024.
             Shot with an arrow by a centaur (7 damage)
             ... on level 5 of the Dungeon.
             The game lasted 00:00:17 (3563 turns).

qw the Shooter (Demigod Hunter)                     Turns: 3563, Time: 00:00:17

Health: -5/51      AC:  7    Str: 12    XL:     6   Next: 7%
Magic:  8/8        EV: 11    Int: 11    God:
Gold:   199        SH:  0    Dex: 25    Spells: 5/5 levels left

rFire   . . .        a - +0 shortbow
rCold   . . .        (shield currently unavailable)
rNeg    . . .        d - +0 ring mail
rPois   .            (no helmet)
rElec   .            (no cloak)
rCorr   .            (no gloves)
SInv    +            m - +1 pair of boots
Will    .....        (no amulet)
Stlth   ++           c - ring of see invisible
HPRegen 0.28/turn    (no ring)
MPRegen 0.11/turn

%: no passive effects
@: about to teleport
A: high MP 1, forlorn, divine attributes
a: no special abilities


You were on level 5 of the Dungeon.
You visited 1 branch of the dungeon, and saw 5 of its levels.

You collected 314 gold pieces.
You spent 115 gold pieces at shops.


Innate Abilities, Weirdness & Mutations

You have an increased reservoir of magic. (+10% MP)
You shall have no god before yourself.
Your divine heritage dramatically boosts your attributes as you level up.


   Skills:
 - Level 3.0 Fighting
 - Level 6.3 Ranged Weapons
 - Level 1.0 Armour
 + Level 2.0 Dodging
 - Level 0.8 Stealth


You had 5 spell levels left.
You didn't know any spells.
Your spell library was empty.

Inventory:

Hand Weapons
 a - a +0 shortbow (weapon)
Armour
 d - a +0 ring mail (worn)
 m - a +1 pair of boots (worn)
Jewellery
 c - a ring of see invisible (left hand)
 j - a +4 ring of slaying {mikee}
Scrolls
 g - 2 scrolls of identify
Potions
 b - a potion of haste {unknown}
 e - a potion of curing
 f - 2 potions of heal wounds
 i - a potion of enlightenment {unknown}
 l - a potion of resistance {unknown}

Dungeon Overview and Level Annotations

Branches:
Dungeon (5/15)
 Temple: D:4-7

Shops:
D:3 ?[


Message History

An iguana comes into view.
You hear a bark!
You shoot an arrow. The iguana hisses angrily.
The arrow hits the iguana.
The iguana is lightly wounded.
You hear a shout! x2
The centaur shoots an arrow.
The arrow barely misses you.
The centaur shoots an arrow.
The arrow hits you but does no damage.
You hear a shout!
You shoot an arrow. The arrow hits the iguana.
The iguana is lightly wounded.
The centaur shoots an arrow.
The arrow hits you but does no damage.
The centaur shoots an arrow.
The arrow hits you!
You hear a shout!
You shoot an arrow. The arrow barely misses the iguana.
The centaur shoots an arrow.
The arrow hits you.
The centaur shoots an arrow.
The arrow hits you.
An orc comes into view. It is wielding a +0 flail.
You hear a shout!
You shoot an arrow.
The arrow hits the iguana but does no damage.
The iguana is lightly wounded.
The centaur shoots an arrow.
The arrow hits you.
The centaur shoots an arrow.
The arrow hits you.
You hear a bark!
You shoot an arrow. The arrow closely misses the orc.
The arrow closely misses the centaur.
The centaur shoots an arrow.
The arrow hits you but does no damage.
The centaur shoots an arrow.
The arrow hits you.
You shoot an arrow. The arrow hits the orc!
You kill the orc!
A hound comes into view.
The centaur shoots an arrow.
The arrow hits you!
Your Fighting skill increases to level 3!
3563 ||| READING scroll of teleportation.
As you read the scroll of teleportation, it crumbles to dust.
You feel strangely unstable.
The centaur shoots an arrow.
The arrow hits you!
You die...

#.........##....##
#.##.####.#####...
#.##.# #.#######.
#.##.# #.........
#.##.# #........#
#.##.. #........#
#.###. .......#
#.# # ....... #@#
....... #.#
.####+# #.. #...
#...h ...<.)
......# .....c.


You could see a centaur and a hound.

Vanquished Creatures
  A scorpion (D:4)
  A hound (D:4)
  A jelly (D:4)
  An orc wizard (D:5)
  3 gnolls (D:2)
  3 adders
  A white imp (D:5)
  12 dart slugs
  A ribbon worm (D:3)
  13 orcs
  4 endoplasms
  4 giant cockroaches
  5 goblins
  4 hobgoblins
  10 jackals
  6 kobolds
  5 quokkas
  6 ball pythons
  4 bats
  3 frilled lizards (D:3)
  3 rats
91 creatures vanquished.

Notes
Turn   | Place    | Note
-------+----------+-------------------------------------------
     0 | D:1      | qw the Demigod Hunter began the quest for the Orb.
     0 | D:1      | Reached XP level 1. HP: 17/17 MP: 3/3
     0 | D:1      | 0 ||| qw: Version: 0.3-a-155-g5e7d8dd
     0 | D:1      | 0 ||| qw: Game counter: 272
     0 | D:1      | 0 ||| qw: Melee chars always use a shield: true
     0 | D:1      | 0 ||| qw: God list: Okawaru
     0 | D:1      | 0 ||| qw: Allow faded altars: false
     0 | D:1      | 0 ||| qw: Do Orc after clearing Dungeon:15 true
     0 | D:1      | 0 ||| qw: Do second Lair branch before Depths: true
     0 | D:1      | 0 ||| qw: Lair rune preference: random
     0 | D:1      | 0 ||| qw: Goals: Normal
     0 | D:1      | 0 ||| PLANNING D:1-11
   245 | D:1      | Reached skill level 4 in Ranged Weapons
   284 | D:1      | Reached XP level 2. HP: 24/24 MP: 4/4
   978 | D:1      | 978 ||| UPGRADING to +0 ring mail.
   988 | D:1      | 988 ||| DROPPING +0 leather armour.
   989 | D:1      | 989 ||| DROPPING scroll of butterflies.
  1124 | D:2      | Reached XP level 3. HP: 29/29 MP: 5/5
  1492 | D:2      | 1492 ||| RETREEEEATING.
  1496 | D:2      | 1496 ||| RETREEEEATING.
  1499 | D:2      | Reached skill level 5 in Ranged Weapons
  1506 | D:2      | Reached XP level 4. HP: 13/36 MP: 6/6
  1915 | D:2      | 1915 ||| UPGRADING to ring of see invisible.
  1962 | D:3      | 1962 ||| STAIRDANCE
  1966 | D:2      | Reached skill level 1 in Armour
  1986 | D:3      | 1986 ||| STAIRDANCE
  2072 | D:3      | Found Urubit's Magic Scroll Emporium.
  2080 | D:3      | 2080 ||| BUYING scroll of enchant armour (82 gold).
  2080 | D:3      | Bought a scroll of enchant armour for 82 gold pieces
  2080 | D:3      | 2080 ||| SHOPLISTING scroll of enchant armour (82 gold,
                  | have 41).
  2080 | D:3      | 2080 ||| SHOPLISTING scroll of enchant weapon (82 gold,
                  | have 41).
  2080 | D:3      | 2080 ||| BUYING scroll of teleportation (33 gold).
  2080 | D:3      | Bought a scroll of teleportation for 33 gold pieces
  2080 | D:3      | 2080 ||| SHOPLISTING scroll of teleportation (33 gold, have
                  | 8).
  2407 | D:3      | Found Totibum's Armour Shoppe.
  2413 | D:3      | 2413 ||| SHOPLISTING +1 helmet of see invisible (181 gold,
                  | have 44).
  2413 | D:3      | 2413 ||| SHOPLISTING +2 ring mail of cold resistance (231
                  | gold, have 44).
  2479 | D:3      | Reached XP level 5. HP: 41/41 MP: 7/7
  2552 | D:3      | 2552 ||| READING 2 scrolls labelled TOFELA RACULOF.
  2552 | D:3      | 2552 ||| IDENTIFYING emerald potion
  2553 | D:3      | 2553 ||| READING scroll of identify.
  2553 | D:3      | 2553 ||| IDENTIFYING white potion
  2554 | D:3      | 2554 ||| READING scroll labelled KOCUAV MAUN.
  2555 | D:3      | 2555 ||| DRINKING 3 amethyst potions.
  2556 | D:3      | 2556 ||| DROPPING potion of attraction.
  2558 | D:3      | 2558 ||| Stepping ~*~*~tactically~*~*~ (cloud).
  2763 | D:4      | Reached skill level 6 in Ranged Weapons
  3139 | D:4      | 3139 ||| UPGRADING to +0 pair of boots.
  3144 | D:4      | 3144 ||| READING scroll of enchant armour.
  3144 | D:4      | 3144 ||| ENCHANTING +0 pair of boots.
  3145 | D:4      | 3145 ||| READING scroll of identify.
  3145 | D:4      | 3145 ||| IDENTIFYING grey potion
  3146 | D:4      | 3146 ||| READING scroll labelled VOGGUITAHOE.
  3147 | D:4      | 3147 ||| READING scroll labelled YLYPTY UREEV.
  3148 | D:4      | 3148 ||| DROPPING potion of magic.
  3170 | D:5      | Entered Level 5 of the Dungeon
  3252 | D:5      | Reached XP level 6. HP: 50/50 MP: 8/8
  3281 | D:5      | 3281 ||| FLEEEEING.
  3282 | D:5      | 3282 ||| FLEEEEING.
  3283 | D:5      | 3283 ||| FLEEEEING.
  3285 | D:5      | 3285 ||| FLEEEEING.
  3286 | D:5      | 3286 ||| FLEEEEING.
  3292 | D:5      | 3292 ||| FLEEEEING.
  3293 | D:5      | 3293 ||| FLEEEEING.
  3294 | D:5      | 3294 ||| STAIRDANCE
  3562 | D:5      | HP: 2/50 [centaur/arrow (13)]
  3563 | D:5      | Reached skill level 3 in Fighting
  3563 | D:5      | 3563 ||| READING scroll of teleportation.
  3563 | D:5      | Shot with an arrow by a centaur

Levels and vault maps discovered:
D:1:      amcnicky_arrival_choice, layout_basic, nicolae_eternal_life
D:2:      layout_basic
D:3:      kennysheep_slugbush, layout_rooms, serial_shops, nicolae_shop_crystal,
          shop, corexii_leaking_fountain
D:4:      layout_cave_pools, gammafunk_temple_overflow_elements,
          hangedman_abyss_or_decor_stabs
D:5:      layout_basic, okawaru_gym_becter

Skill      XL: |  1  2  3  4  5  6 |
---------------+-------------------+-----
Ranged Weapons | 4 5 6 |  6.3
Fighting       | 2 3 |  3.0
Dodging        | 2 |  2.0
Armour         | 1 |  1.0
Stealth        | |  0.8

Action                     |  1- 3 |  4- 6 || total
---------------------------+-------+-------++-------
   Fire: Shortbow          |   118 |   186 ||   304
    Use: Scroll            |       |     8 ||     8
         Potion            |       |     1 ||     1
 Armour: Leather armour    |    17 |       ||    17
         Ring mail         |    24 |    56 ||    80
  Dodge: Dodged            |    35 |    43 ||    78

Table legend:
 A = Non-vault XP
 B = Vault XP
 C = Vault XP percentage of total XP
 D = Non-vault monster count
 E = Vault monster count
 F = Vault count percentage of total count
                 A         B        C        D         E       F
            +---------+---------+-------+---------+---------+-------
      Total |     448 |      36 |   7.4 |      82 |       9 |   9.9
            +---------+---------+-------+---------+---------+-------
        D:1 |      43 |       0 |   0.0 |      22 |       0 |   0.0
        D:2 |      93 |       4 |   4.1 |      18 |       1 |   5.3
        D:3 |      61 |      32 |  34.4 |      25 |       8 |  24.2
        D:4 |     179 |       0 |   0.0 |       6 |       0 |   0.0
        D:5 |      72 |       0 |   0.0 |      11 |       0 |   0.0
            +---------+---------+-------+---------+---------+-------
